 Dungeon Crawl Stone Soup version 0.18.1-50-g88ac8fd (webtiles) character file.

280628 dvd the Unseen (level 20, -12/157 HPs)
             Began as a Ghoul Enchanter on Sept 21, 2016.
             Was the Champion of Ashenzari.
             Mangled by a thrashing horror (15 damage)
             ... on level 2 of the Abyss on Sept 24, 2016.
             The game lasted 05:14:15 (50967 turns).

dvd the Unseen (Ghoul Enchanter)                   Turns: 50967, Time: 05:14:16

Health: -12/157    AC: 20    Str: 12 (17) XL:     20   Next: 48%
Magic:  36/36      EV: 20    Int: 18 (19) God:    Ashenzari [******]
Gold:   2762       SH: 10    Dex: 13      Spells: 7 memorised, 19 levels left

rFire  + + +     SeeInvis +     S - +9 rapier (venom) (curse)
rCold  + . .     Gourm    .     D - +2 robe of the Fisher {+Blink rElec rF+++ Dex+3} (curse)
rNeg   + + +     Faith    .     y - +0 shield {reflect} (curse)
rPois  ∞         Spirit   .     o - +2 helmet (curse)
rElec  +         Dismiss  .     Z - +0 cloak (curse)
rCorr  .         Reflect  +     p - +2 pair of gloves (curse)
SustAt .         Harm     .     I - +2 pair of boots (curse)
MR     +....     Clarity  +     V - amulet of Saetsic {RegenMP Str+2} (curse)
Stlth  ++++++++..               g - +4 ring of intelligence (curse)
                                K - +5 ring of protection (curse)

@: very slightly contaminated, rotting, deflect missiles, somewhat resistant to
hostile enchantments, extraordinarily stealthy
A: rotting body, claws 1, carnivore 3, cold resistance 1, negative energy
resistance 3, slow regeneration 1, torment resistance, unbreathing
a: Curse Item, Scrying, Transfer Knowledge, Renounce Religion, Evoke Blink
}: 2/15 runes: decaying, gossamer


You were on level 2 of the Abyss.
You worshipped Ashenzari.
Ashenzari was exalted by your worship.
You were not hungry.

You visited 8 branches of the dungeon, and saw 37 of its levels.
You visited the Abyss 1 time.
You also visited: Volcano.

You collected 4140 gold pieces.
You spent 1378 gold pieces at shops.

Inventory:

Hand Weapons
 a - a +3 demon blade of venom
 s - a +2 demon blade of freezing
 S - a cursed +9 rapier of venom (weapon)
 X - the +1 long sword "Wineg" {vamp, Int+6}
   (You found it on level 1 of the Spider Nest)

   It inflicts no extra harm, but heals its wielder somewhat when it strikes a
   living foe.
   It affects your intelligence (+6).
Armour
 o - a cursed +2 helmet (worn)
 p - a cursed +2 pair of gloves (worn)
 y - a cursed +0 shield of reflection (worn)
 D - the cursed +2 robe of the Fisher (worn) {+Blink rElec rF+++ Dex+3}
   (You took it off a deep elf archer on level 1 of the Vaults)

   It affects your dexterity (+3).
   It renders you almost immune to fire.
   It insulates you from electricity.
   It lets you blink.
   It has a curse placed upon it.
 I - a cursed +2 pair of boots (worn)
 Z - a cursed +0 cloak (worn)
Jewellery
 b - a +4 amulet of reflection
 f - a +5 ring of dexterity
 g - a cursed +4 ring of intelligence (right hand)
 w - a +6 ring of evasion
 A - an uncursed ring of protection from magic
 K - a cursed +5 ring of protection (left hand)
 V - the cursed amulet of Saetsic (around neck) {RegenMP Str+2}
   (You bought it in a shop on level 2 of the Orcish Mines)

   [amulet of magic regeneration]

   It increases your magic regeneration.
   It affects your strength (+2).
   It has a curse placed upon it.
Wands
 l - a wand of iceblast (4/15)
 m - a wand of iceblast (11/15)
 u - a wand of teleportation (2/9)
 z - a wand of lightning (4/15)
 C - a wand of lightning (2/15)
 F - a wand of iceblast (9/15)
 H - a wand of digging (15/24)
 M - a wand of disintegration (6/24)
 Q - a wand of digging (13/24)
 U - a wand of paralysis (10/24)
Scrolls
 c - 2 scrolls of fear
 h - 10 scrolls of identify
 i - a scroll of recharging
 j - 6 scrolls of amnesia
 E - 4 scrolls of remove curse
 J - 2 scrolls of summoning
 L - 2 scrolls of magic mapping
 N - 3 scrolls of enchant weapon
 P - a scroll of silence
 R - 2 scrolls of torment
 W - 2 scrolls of fog
Potions
 e - 5 potions of cancellation
 n - 2 potions of resistance
 q - 5 potions of brilliance
 r - 2 potions of haste
 x - 4 potions of flight
 B - 2 potions of magic
 O - 6 potions of curing
Comestibles
 d - 20 meat rations
 t - 8 beef jerkies
 v - 7 slices of pizza
 G - 12 royal jellies


   Skills:
 + Level 8.6 Fighting
 + Level 8.1(12.5) Short Blades
 + Level 4.0 Armour
 + Level 11.8(15.9) Dodging
 + Level 18.8(22.4) Stealth
 + Level 5.9(9.0) Shields
 + Level 13.1 Spellcasting
 + Level 3.5(7.6) Conjurations
 + Level 12.5(16.6) Hexes
 + Level 8.0(12.4) Charms
 + Level 4.2(8.5) Summonings
 + Level 12.3(16.4) Ice Magic
 + Level 6.7(11.2) Air Magic
 + Level 1.8(5.0) Evocations


You had 19 spell levels left.
You knew the following spells:

 Your Spells              Type           Power        Failure   Level  Hunger
a - Tukima's Dance        Hex            ######..     1%          3    None
b - Ensorcelled Hibernat  Hex/Ice        ######       1%          2    None
c - Confuse               Hex            ######..     1%          3    None
d - Dazzling Spray        Conj/Hex       ######       1%          3    None
e - Summon Ice Beast      Ice/Summ       ######..     1%          4    #......
f - Summon Mana Viper     Hex/Summ       ######..     1%          5    ####...
g - Deflect Missiles      Chrm/Air       ######....   17%         6    ######.


Dungeon Overview and Level Annotations

Branches:
Dungeon (15/15)            Temple (1/1) D:7            Lair (8/8) D:9
  Swamp (4/4) Lair:4       Spider (4/4) Lair:6        Slime (0/6) Lair:7
    Orc (2/2) D:9             Elf (1/3) Orc:2        Vaults (2/5) D:13
 Depths (0/5) D:15
  Crypt: Vaults:2-3

Altars:
Ashenzari
Cheibriados
Dithmenos
Elyvilon
Fedhas
Gozag
Kikubaaqudgha
Makhleb
Nemelex Xobeh
Okawaru
Pakellas
Qazlal
Ru
Sif Muna
Trog
Vehumet
Xom
Yredelemnul
Zin
The Shining One
Beogh

Shops:
D:4 :(   D:5 !   D:6 [   D:13 ?   D:14 }   Orc:2 ?=(?}!   Vaults:2 =[

Portals:
Pandemonium: Orc:2

Annotations:
D:9 exclusion: ice statue
Swamp:3 HolyRage's ghost, adept DDFi


Innate Abilities, Weirdness & Mutations

Your body is rotting away.
You thrive on raw meat.
You are immune to poison.
You have sharp fingernails.
You are carnivorous and can eat meat at any time.
Your flesh is cold resistant.
You are immune to negative energy.
You regenerate slowly when monsters are visible.
You are immune to unholy pain and torment.
You can survive without breathing.


Message History

You feel better. The tentacled starspawn bites you!
* * * LOW HITPOINT WARNING * * *
The tentacled starspawn completely misses you.
The starspawn tentacle constricts you.
Unknown command.
Read which item? (? for menu, Esc to quit)
Blink to where?
Press: ? - help, Dir - move target cursor You escape the starspawn tentacle's grasp.
You are very lightly contaminated with residual magic.
As you read the scroll of blinking, it crumbles to dust.
Your ice beast hits the tentacled starspawn but does no damage.
The tentacled starspawn bites your ice beast!!
The tentacled starspawn barely misses your ice beast.
Something grabs your ice beast.
Your ice beast is constricted.
Your ice beast dies!
Found a slice of pizza.
You have a vision of a gate.
The thrashing horror tramples you!
You die...

.,,*,.*.##. . # ,*#.**
* , ,,* . * ,. #....
,,..* . *,* * *, ♣,♣ ,#
#....## ##.##.# #**,,*
* ....#*........
....#.*.#* * * .,≈..
.,...#.# ,....#. ,* , *
*
.≈≈#.##.#*#...##.#%..#,
* ,*,, **
≈≈#,#..#.##........# ,,
***, , ≈
##.{S###....#.# * *∩ ,*
**, ♣≈.#.#<#{.....#X@.#
, ,* ,** **♣
#X#..###.......# ,
**,,, *,#.#
#.w#*##..........# *, ,
** **# #####
#...##....##.,, ,* * ,
♣,. ###. ..##..,,
,,,,**, ***#.#,, *
*..,*... #. ,** , * * *
,* ###, ....,,* * ,, ,
,** * * * *###.# *,,, ,
,,≈,*, ,, ,, *,** , ,*
*


You could see a thrashing horror.

Vanquished Creatures
  Mara (Spider:4)
  Margery (Vaults:1)
  Arachne (Spider:4)
  Xtahua (Vaults:2)
  Rupert (D:14)
  Frances (Spider:1)
  Roxanne (Spider:1)
  Donald (Spider:4)
  3 vault wardens (Vaults:1)
  Louise (Spider:1)
  4 ghost moths
  5 emperor scorpions
  An orc warlord (Orc:2)
  2 stone giants
  2 ironheart preservers
  Nessos (D:13)
  A dire elephant (D:15)
  A deep elf demonologist (Vaults:2)
  2 spark wasps
  2 fire dragons
  5 yaktaur captains
  8 vault guards
  7 entropy weavers
  A rakshasa (Vaults:1)
  An ogre mage (Vaults:1)
  2 ghost crabs
  Josephine (D:13)
  18 hydras
  A great orb of eyes (Vaults:1)
  Erica (Orc:1)
  2 catoblepae
  10 alligators
  4 centaur warriors
  The ghost of Krapule the Covert, a journeyman OpMo of Cheibriados (Lair:1)
  2 death yaks (Lair:8)
  2 thrashing horrors (Abyss:2)
  6 orc high priests (Orc:2)
  Urug (D:10)
  A deep elf knight (Vaults:2)
  A wretched star (Abyss:2)
  5 hell knights
  Sonja (D:13)
  Nergalle (Lair:4)
  A skeletal warrior (Vaults:1)
  11 swamp dragons
  8 unseen horrors
  3 shambling mangroves (Swamp:1)
  2 deep elf archers (Vaults:1)
  A large abomination (Abyss:2)
  A starcursed mass (Abyss:2)
  The ghost of Rakdos the Skirmisher, a novice MiBe of Trog (D:6)
  A putrid demonspawn (Orc:2)
  8 hill giants
  6 ironbrand convokers (Vaults:1)
  A torturous demonspawn (Orc:2)
  3 harpies (Vaults:1)
  2 lindwurms (Lair:8)
  23 orb spiders
  8 orc sorcerers
  A lindwurm (shapeshifter) (Vaults:1)
  11 orc knights
  13 hornets
  4 cyclopes
  32 wolf spiders
  4 deep elf magi
  A toenail golem (Volcano)
  19 elephants
  2 manticores (D:15)
  5 griffons
  3 black mambas
  2 sixfirhies (Orc:2)
  Maurice (Orc:1)
  16 ugly things
  2 moths of wrath (Spider:4)
  26 spiny frogs
  3 vault sentinels
  6 torpor snails (Lair:8)
  A smoke demon (Abyss:2)
  2 gargoyles
  9 komodo dragons
  4 rime drakes
  13 demonic crawlers
  2 hellwings (Orc:2)
  A kobold demonologist (D:12)
  17 yaktaurs
  2 ancient zymes (Abyss:2)
  10 trolls
  A jumping spider (shapeshifter) (Vaults:1)
  2 red devils (Volcano)
  A polar bear (Lair:6)
  Prince Ribbit (Lair:2)
  Grinder (D:6)
  13 giant leeches
  5 bog bodies
  39 jumping spiders
  A wind drake (shapeshifter) (Vaults:2)
  A queen bee (D:15)
  4 two-headed ogres
  27 slime creatures
  20 blink frogs
  2 human simulacra (Vaults:1)
  41 tarantellas
  A shadow (D:15)
  4 wraiths
  A ynoxinul (Abyss:2)
  78 redbacks
  A spriggan (Lair:6)
  15 yaks
  3 wyverns
  12 hippogriffs
  5 hungry ghosts
  2 basilisks
  A neqoxec (Orc:2)
  A yaktaur simulacrum (Vaults:1)
  25 vampire mosquitoes
  Menkaure (D:5)
  2 mottled dragons
  2 wargs
  2 soldier ants
  Edmund (D:6)
  4 insubstantial wisps (Swamp:3)
  19 swamp worms
  2 hell hounds (Volcano)
  10 porcupines
  12 water moccasins
  A phantom (D:6)
  11 swamp drakes
  5 sky beasts
  A black bear (Lair:7)
  15 ice beasts
  43 orc warriors
  A necrophage (D:14)
  15 ogres
  8 wasps
  19 wolves
  13 centaurs
  23 crocodiles
  2 big kobolds
  17 giant frogs
  Blork the orc (Orc:1)
  3 wyvern skeletons
  2 scorpions
  21 killer bees
  3 spriggan skeletons (D:10)
  3 howler monkeys
  10 electric eels
  7 crimson imps
  8 hounds
  4 jellies (Lair:7)
  22 orc priests
  2 giant frog skeletons
  25 orc wizards
  A centaur zombie (D:12)
  A gnoll shaman (D:9)
  Ijyb (D:3)
  6 centaur skeletons
  9 iguanas
  Natasha (D:3)
  7 hell rats (Lair:2)
  10 worker ants
  15 sheep (Lair:8)
  A hound zombie (D:11)
  A worker ant zombie (D:10)
  2 howler monkey skeletons
  10 adders
  5 gnolls (D:9)
  66 river rats
  3 shadow imps
  4 oozes
  An adder zombie (D:7)
  2 adder skeletons
  A dart slug (D:1)
  22 worms
  7 giant geckos
  76 orcs
  3 ball pythons
  7 giant cockroaches
  5 goblins
  10 hobgoblins
  12 jackals
  13 kobolds
  4 quokkas
  10 bats
  3 giant newts
  2 gnoll zombies (D:9)
  A jackal zombie (D:4)
  24 rats
  2 fungi (Lair:8)
1403 creatures vanquished.

Vanquished Creatures (collateral kills)
  the Lernaean hydra (Swamp:4)
  A tentacled starspawn (Abyss:2)
  A thorn hunter (Swamp:4)
  The ghost of appiemonkey the Warrior, an adept GrFi of Okawaru (Spider:4)
  2 ghost moths (Spider:4)
  An orc warlord (Orc:1)
  4 vault wardens (Vaults:1)
  An ironheart preserver (Vaults:1)
  3 very ugly things (Vaults:1)
  A white draconian (Abyss:2)
  2 vault guards
  2 ogre magi
  An ice dragon (Vaults:1)
  A death knight (D:13)
  4 hydras
  A dancing weapon (Orc:2)
  A thrashing horror (Abyss:2)
  A spriggan (Swamp:1)
  2 wretched stars (Abyss:2)
  2 skeletal warriors (Vaults:1)
  An orc knight (Vaults:2)
  2 ironbrand convokers (Vaults:1)
  3 hill giants
  3 orb spiders
  A deep elf mage (Vaults:1)
  5 ugly things (Vaults:1)
  2 wolf spiders
  A vault sentinel (Vaults:1)
  A gargoyle (D:11)
  An eye of devastation (Abyss:2)
  An apocalypse crab (Abyss:2)
  3 spiny frogs
  4 demonic crawlers
  2 jumping spiders
  2 large abominations (Abyss:2)
  A raiju (Abyss:2)
  2 blink frogs
  2 two-headed ogres (Vaults:1)
  A tengu simulacrum (Vaults:1)
  2 bog bodies
  8 redbacks
  2 tarantellas
  3 wraiths (D:13)
  A fire elemental (Lair:1)
  6 vampire mosquitoes
  A basilisk (Lair:8)
  A swamp worm (Swamp:1)
  A porcupine (Lair:2)
  10 orc warriors
  2 wasps
  4 ogres
  2 wolves (Lair:8)
  3 small abominations (Abyss:2)
  2 giant frogs
  A quasit (Abyss:2)
  7 orc priests
  4 river rats
  15 orcs
146 creatures vanquished.

Vanquished Creatures (others)
  A ghost moth (Spider:4)
  An orb spider (Spider:2)
  3 yaktaurs (Vaults:2)
  22 dancing weapons
  A giant frog zombie (D:13)
  An orc wizard (D:5)
  2 orcs
  22 fungi
  20 plants
  7 starspawn tentacles (Abyss:2)
  37 starspawn tentacle segments (Abyss:2)
117 creatures vanquished.

Grand Total: 1666 creatures vanquished

Notes
Turn   | Place    | Note
--------------------------------------------------------------
     0 | D:1      | dvd the Ghoul Enchanter began the quest for the Orb.
     0 | D:1      | Reached XP level 1. HP: 14/14 MP: 2/2
     9 | D:1      | Found a shattered altar of Ashenzari.
   112 | D:1      | Reached XP level 2. HP: 20/20 MP: 3/3
   142 | D:1      | Became a worshipper of Ashenzari the Shackled
   169 | D:1      | Learned a level 2 spell: Ensorcelled Hibernation
   672 | D:1      | Reached XP level 3. HP: 26/26 MP: 2/5
   801 | D:1      | Reached skill level 1 in Short Blades
   986 | D:2      | Reached skill level 4 in Stealth
  1299 | D:2      | Found a sacrificial altar of Ru.
  1981 | D:2      | Reached XP level 4. HP: 33/33 MP: 3/6
  2302 | D:2      | Learned a level 3 spell: Confuse
  2334 | D:2      | Found an iron altar of Okawaru.
  2878 | D:2      | Reached XP level 5. HP: 36/38 MP: 0/7
  3407 | D:3      | Noticed Ijyb
  3457 | D:3      | Killed Ijyb
  3582 | D:3      | Noticed Natasha
  3583 | D:3      | Reached * piety under Ashenzari
  3596 | D:3      | Killed Natasha
  3904 | D:4      | Found Nouz Qo Oph's Weapon Boutique.
  3930 | D:4      | Reached XP level 6. HP: 45/45 MP: 8/8
  4045 | D:4      | Reached skill level 5 in Stealth
  4065 | D:4      | Noticed a hippogriff
  4338 | D:4      | Reached skill level 1 in Ice Magic
  4507 | D:4      | Reached XP level 7. HP: 48/50 MP: 3/10
  4565 | D:4      | Learned a level 3 spell: Tukima's Dance
  5283 | D:4      | Killed a hippogriff
  5283 | D:4      | Reached skill level 6 in Stealth
  5388 | D:4      | Found Adghaamo's Book Boutique.
  5695 | D:4      | Reached XP level 8. HP: 30/57 MP: 1/12
  5937 | D:5      | Entered Level 5 of the Dungeon
  6030 | D:5      | Reached ** piety under Ashenzari
  6061 | D:5      | Noticed Menkaure
  6110 | D:5      | Killed Menkaure
  6340 | D:5      | Found Zuen's Distillery.
  6418 | D:5      | Learned a level 3 spell: Dazzling Spray
  6538 | D:5      | Found a glowing golden altar of the Shining One.
  6773 | D:6      | Reached skill level 7 in Stealth
  6990 | D:6      | Found Zafovvi's Antique Armour Emporium.
  6991 | D:6      | Noticed Rakdos's ghost (novice MiBe)
  7364 | D:6      | Found a burning altar of Makhleb.
  7365 | D:6      | Found a bloodstained altar of Trog.
  7365 | D:6      | Found a shadowy altar of Dithmenos.
  7368 | D:6      | Found a shattered altar of Ashenzari.
  7373 | D:6      | Noticed Edmund
  7386 | D:6      | Killed Edmund
  7386 | D:6      | Reached XP level 9. HP: 63/63 MP: 12/14
  7629 | D:6      | Noticed Grinder
  7640 | D:6      | Killed Grinder
  7640 | D:6      | Reached skill level 5 in Dodging
  7640 | D:6      | Reached skill level 8 in Stealth
  8253 | D:7      | Reached skill level 5 in Hexes
  9038 | D:7      | Reached *** piety under Ashenzari
  9100 | D:7      | Found a staircase to the Ecumenical Temple.
  9110 | Temple   | Entered the Ecumenical Temple
  9782 | D:8      | Reached skill level 1 in Fighting
  9782 | D:8      | Reached skill level 9 in Stealth
  9798 | D:8      | Reached skill level 5 in Spellcasting
  9798 | D:8      | Reached skill level 5 in Ice Magic
  9798 | D:8      | Reached XP level 10. HP: 78/78 MP: 15/17
 10354 | D:9      | Reached **** piety under Ashenzari
 10362 | D:9      | Found a glowing silver altar of Zin.
 10410 | D:9      | Learned a level 4 spell: Summon Ice Beast
 10459 | D:9      | Found a staircase to the Lair.
 10577 | D:9      | Reached XP level 11. HP: 79/84 MP: 11/19
 10769 | D:9      | Found a basalt altar of Yredelemnul.
 11554 | D:9      | Found a staircase to the Orcish Mines.
 11719 | D:9      | Noticed a cyclops
 11734 | D:9      | Killed a cyclops
 11734 | D:9      | Reached skill level 10 in Stealth
 12291 | D:10     | Entered Level 10 of the Dungeon
 12338 | D:10     | Noticed a hill giant
 12376 | D:10     | Killed a hill giant
 12504 | D:10     | Reached skill level 1 in Summonings
 12746 | D:10     | Noticed Urug
 12788 | D:10     | Killed Urug
 13047 | D:10     | Noticed an unseen horror
 13110 | D:10     | Killed an unseen horror
 13327 | Lair:1   | Entered Level 1 of the Lair of Beasts
 13368 | Lair:1   | Noticed Krapule's ghost (journeyman OpMo)
 13431 | Lair:1   | Killed Krapule's ghost
 13964 | Lair:1   | Reached XP level 12. HP: 92/92 MP: 4/21
 14223 | Lair:1   | Reached skill level 11 in Stealth
 14785 | Lair:2   | Noticed Prince Ribbit
 14798 | Lair:2   | Killed Prince Ribbit
 14908 | Lair:2   | Reached ***** piety under Ashenzari
 16468 | Lair:3   | Reached skill level 5 in Short Blades
 16901 | Lair:3   | Reached skill level 12 in Stealth
 17215 | Lair:3   | Noticed a six-headed hydra
 17218 | Lair:3   | Killed a six-headed hydra
 17831 | Lair:4   | Noticed a catoblepas
 17844 | Lair:4   | Killed a catoblepas
 17844 | Lair:4   | Reached XP level 13. HP: 99/99 MP: 20/23
 18127 | Lair:4   | Noticed Nergalle
 18134 | Lair:4   | Killed Nergalle
 18276 | Lair:4   | Found a staircase to the Swamp.
 18790 | D:6      | Killed Rakdos's ghost
 19164 | Lair:5   | Reached skill level 5 in Fighting
 19352 | Lair:5   | Reached ****** piety under Ashenzari
 19505 | Lair:5   | Found an ancient bone altar of Kikubaaqudgha.
 19519 | Lair:5   | Reached skill level 13 in Stealth
 20129 | Lair:6   | Found a hole to the Spider Nest.
 21892 | Lair:7   | Found a staircase to the Slime Pits.
 22279 | Lair:7   | Learned a level 5 spell: Summon Mana Viper
 22331 | Lair:8   | Entered Level 8 of the Lair of Beasts
 22433 | Lair:8   | Reached skill level 14 in Stealth
 22505 | Lair:8   | Found a runed door.
 22547 | Lair:8   | Reached XP level 14. HP: 93/107 MP: 7/25
 25592 | Lair:8   | Reached skill level 1 in Evocations
 25710 | Lair:8   | Identified the cursed +3 hand axe of Jieviac {chop, +Rage}
 26130 | Orc:1    | Entered Level 1 of the Orcish Mines
 26285 | Orc:1    | Noticed Maurice
 26293 | Orc:1    | Killed Maurice
 26465 | Orc:1    | Noticed Blork the orc
 26466 | Orc:1    | Identified the cursed +1 triple sword "Ekki" {pain, Int+4}
 26477 | Orc:1    | Killed Blork the orc
 26499 | Orc:1    | Noticed Erica
 26510 | Orc:1    | Killed Erica
 26917 | Orc:2    | Entered Level 2 of the Orcish Mines
 26917 | Orc:2    | Noticed an orc warlord
 27105 | Orc:1    | Killed an orc warlord
 27141 | Orc:2    | Found Xoath's Magic Scroll Shoppe.
 27220 | Orc:2    | Found Giseag's Magic Scroll Boutique.
 27221 | Orc:2    | Found Bebbig's Distillery.
 27258 | Orc:2    | Reached skill level 15 in Stealth
 27507 | Orc:2    | Found a dark tunnel.
 27547 | Volcano  | Entered a volcano
 27668 | Volcano  | Reached XP level 15. HP: 113/115 MP: 23/27
 27802 | Orc:2    | Found a staircase to the Elven Halls.
 28121 | Orc:2    | Found Xeytwim's Jewellery Boutique.
 28130 | Orc:2    | Bought the amulet of Saetsic {RegenMP Str+2} for 741 gold pieces
 28310 | Orc:2    | Bought a scroll of remove curse for 48 gold pieces
 28310 | Orc:2    | Bought a scroll of enchant weapon for 120 gold pieces
 28310 | Orc:2    | Bought a scroll of remove curse for 48 gold pieces
 28310 | Orc:2    | Bought a scroll of remove curse for 48 gold pieces
 28310 | Orc:2    | Bought a scroll of remove curse for 48 gold pieces
 28313 | Orc:2    | Bought a potion of heal wounds for 75 gold pieces
 28313 | Orc:2    | Bought a potion of heal wounds for 75 gold pieces
 28870 | Orc:2    | Reached skill level 10 in Spellcasting
 28870 | Orc:2    | Reached skill level 10 in Ice Magic
 29588 | Orc:2    | Paralysed by an orc sorcerer for 5 turns
 29714 | Orc:2    | Found Jutrog's Antique Weapon Shoppe.
 29714 | Orc:2    | Found Atuvesarph's Gadget Emporium.
 29714 | Orc:2    | Found a one-way gate leading to the halls of Pandemonium.
 29887 | Orc:2    | Noticed an orc warlord
 29954 | Orc:2    | Killed an orc warlord
 29994 | Orc:2    | Reached skill level 10 in Hexes
 30566 | D:11     | Identified the +2 ring mail of Lilialah {rN+ Int+2} (You took it off a big kobold on level 11 of the Dungeon)
 31630 | D:13     | Noticed Nessos
 31637 | D:13     | Killed Nessos
 31807 | D:13     | Found a gate to the Vaults.
 32065 | D:13     | Found Fyddelirph's Magic Scroll Shoppe.
 32073 | D:13     | Bought a scroll of remove curse for 39 gold pieces
 32073 | D:13     | Bought a scroll of enchant weapon for 97 gold pieces
 32073 | D:13     | Bought a scroll of remove curse for 39 gold pieces
 32140 | D:13     | Noticed Sonja
 32145 | D:13     | Killed Sonja
 32309 | D:13     | Noticed Josephine
 32321 | D:13     | Killed Josephine
 32574 | D:14     | Found Juigecul's Gadget Emporium.
 32752 | D:14     | Reached XP level 16. HP: 124/124 MP: 25/29
 32829 | D:14     | Reached skill level 16 in Stealth
 33002 | D:14     | Noticed Rupert
 33014 | D:14     | Killed Rupert
 33239 | D:15     | Entered Level 15 of the Dungeon
 34222 | D:15     | Found a staircase to the Depths.
 34612 | Spider:1 | Entered Level 1 of the Spider Nest
 34866 | Spider:1 | Noticed Roxanne
 34894 | Spider:1 | Killed Roxanne
 34902 | Spider:1 | Identified Roxanne's Almanac of Transmutation (You took it off Roxanne on level 1 of the Spider Nest)
 35206 | Spider:1 | Reached skill level 10 in Dodging
 35322 | Spider:1 | Noticed Louise
 35328 | Spider:1 | Killed Louise
 35869 | Spider:1 | Identified the +1 long sword "Wineg" {vamp, Int+6}
 35943 | Spider:1 | Learned a level 6 spell: Deflect Missiles
 35966 | Spider:1 | Noticed Frances
 35986 | Spider:1 | Killed Frances
 36185 | Spider:2 | Reached XP level 17. HP: 83/130 MP: 17/31
 36197 | Spider:2 | Reached skill level 17 in Stealth
 37465 | Spider:3 | Found a roughly hewn altar of Beogh.
 37484 | Spider:3 | Reached skill level 1 in Charms
 37657 | Spider:3 | Reached skill level 1 in Air Magic
 37987 | Spider:4 | Entered Level 4 of the Spider Nest
 38230 | Spider:4 | Noticed Donald
 38265 | Spider:4 | Killed Donald
 38437 | Spider:4 | Noticed appiemonkey's ghost (adept GrFi)
 38454 | Spider:4 | Killed appiemonkey's ghost
 38564 | Spider:4 | Noticed Mara
 38571 | Spider:4 | Noticed dvd's illusion
 38572 | Spider:4 | Killed Mara
 38973 | Spider:4 | Noticed Arachne
 38981 | Spider:4 | Reached XP level 18. HP: 111/138 MP: 1/32
 39804 | Spider:4 | Reached skill level 5 in Shields
 39891 | Spider:4 | Killed Arachne
 39995 | Spider:4 | Got a gossamer rune of Zot
 40509 | Swamp:1  | Entered Level 1 of the Swamp
 40819 | Swamp:1  | Reached skill level 18 in Stealth
 42683 | Swamp:3  | Reached skill level 5 in Charms
 42786 | Swamp:3  | Noticed HolyRage's ghost (adept DDFi)
 43572 | Swamp:4  | Entered Level 4 of the Swamp
 43963 | Swamp:4  | Reached XP level 19. HP: 71/147 MP: 12/34
 44136 | Swamp:4  | Noticed the 27-headed Lernaean hydra
 44227 | Swamp:4  | Reached skill level 5 in Air Magic
 44536 | Swamp:4  | Killed the 27-headed Lernaean hydra
 44662 | Swamp:4  | Got a decaying rune of Zot
 45117 | Vaults:1 | Entered Level 1 of the Vaults
 46669 | Vaults:1 | Identified the +2 robe of the Fisher {+Blink rElec rF+++ Dex+3} (You took it off a deep elf archer on level 1 of the Vaults)
 47149 | Vaults:1 | Reached XP level 20. HP: 154/156 MP: 25/35
 47264 | Vaults:2 | Noticed Xtahua
 47309 | Vaults:2 | Killed Xtahua
 47751 | Vaults:2 | Noticed Margery
 47881 | Vaults:1 | Killed Margery
 48820 | Vaults:2 | Found Kocucz Gooh's Jewellery Shoppe.
 48973 | Vaults:2 | Noticed a Brimstone Fiend
 49419 | Elf:1    | Entered Level 1 of the Elven Halls
 49934 | Vaults:2 | Found Veneer's Armour Shop.
 50223 | Vaults:2 | Cast into level 2 of the Abyss (a deep elf sorcerer)
 50371 | Abyss:2  | Noticed a bone dragon
 50519 | Abyss:2  | Noticed an ancient lich
 50786 | Abyss:2  | Found a corrupted altar of Lugonu.
 50963 | Abyss:2  | HP: 6/157 [tentacled starspawn (12)]
 50967 | Abyss:2  | Mangled by a thrashing horror

Skill      XL: |  1  2  3  4  5  6  7  8  9 10 11 12 13 14 15 16 17 18 19 20 |
---------------+-------------------------------------------------------------+-----
Spellcasting   | 2 3 4 5 6 7 8 9 10 11 12 13 | 13.1
Short Blades   | 1 2 4 5 6 7 8 |  8.1
Dodging        | 2 3 4 6 7 8 9 10 11 | 11.8
Stealth        | 4 5 6 7 9 10 12 14 15 16 17 18 | 18.8
Hexes          | 3 4 6 7 8 9 10 11 12 | 12.5
Ice Magic      | 1 2 5 6 7 8 9 10 11 12 | 12.3
Fighting       | 4 5 6 7 8 |  8.6
Armour         | 3 4 |  4.0
Shields        | 3 4 5 |  5.9
Conjurations   | 2 3 |  3.5
Summonings     | 1 2 3 4 |  4.2
Evocations     | 1 |  1.8
Charms         | 2 5 7 8 |  8.0
Air Magic      | 2 4 6 |  6.7

Action                   |  1- 3 |  4- 6 |  7- 9 | 10-12 | 13-15 | 16-18 | 19-21 || total
-------------------------+-------+-------+-------+-------+-------+-------+-------++-------
Melee: Dagger            |   107 |   181 |   298 |   704 |   485 |       |       ||  1775
       Rapier            |       |       |       |       |   692 |  1075 |   830 ||  2597
 Cast: Corona            |     4 |     4 |       |       |       |       |       ||     8
       Ensorcelled Hiber |    16 |    43 |    71 |   236 |   345 |   324 |   189 ||  1224
       Confuse           |       |     1 |    26 |    36 |    55 |    91 |    38 ||   247
       Dazzling Spray    |       |       |     3 |    11 |    51 |    47 |    23 ||   135
       Tukima's Dance    |       |       |     1 |     4 |    55 |     3 |    52 ||   115
       Summon Ice Beast  |       |       |       |    12 |    33 |    44 |    35 ||   124
       Summon Mana Viper |       |       |       |       |    10 |    46 |    25 ||    81
       Deflect Missiles  |       |       |       |       |       |       |     5 ||     5
Invok: Curse Item        |     2 |     2 |     1 |       |     5 |     2 |     2 ||    14
 Abil: Evoke Blink       |       |       |       |       |       |       |     1 ||     1
Evoke: Wand              |       |       |     1 |    11 |    17 |    23 |    18 ||    70
  Use: Scroll            |       |    12 |     3 |    11 |    25 |    21 |     5 ||    77
       Potion            |       |     8 |     7 |     2 |     3 |     3 |    12 ||    35
 Stab: Sleeping          |    15 |    33 |    54 |   167 |   243 |   248 |   103 ||   863
       Invisible         |     1 |       |       |     6 |    22 |    15 |     5 ||    49
       Confused          |       |     1 |    15 |    23 |    14 |    43 |    22 ||   118
       Paralysed         |       |     1 |       |       |       |       |       ||     1
       Distracted        |       |       |       |     1 |     9 |    11 |     2 ||    23
  Eat: Chunk             |     7 |    21 |    31 |    40 |   162 |   179 |   115 ||   555
Armor: Robe              |    68 |    34 |    55 |    71 |    97 |       |   101 ||   426
       Leather armour    |       |       |       |       |    54 |   267 |    87 ||   408
Dodge: Dodged            |   102 |   134 |   213 |   452 |   962 |  1145 |   584 ||  3592
       Deflected         |       |       |       |       |       |       |    32 ||    32
Block: Buckler           |       |       |       |       |   110 |   196 |       ||   306
       Shield            |       |       |       |       |       |   287 |   408 ||   695
       Reflection        |       |       |       |       |       |       |    17 ||    17
